 Dungeon Crawl Stone Soup version 0.30.1-3-gfc49f6343a (webtiles) character file.

Game seed: 5566495628926755394

465 Peloso the Slasher (level 6, -3/55 HPs)
             Began as a Minotaur Fighter on July 26, 2023.
             Slain by an ogre
             ... wielding a +0 giant club
              (26 damage)
             ... on level 4 of the Dungeon.
             The game lasted 00:05:40 (2472 turns).

Peloso the Slasher (Minotaur Fighter)               Turns: 2472, Time: 00:05:41

Health: -3/55      AC:  7    Str: 21    XL:     6   Next: 80%
Magic:  5/5        EV: 10    Int:  5    God:
Gold:   182        SH:  5    Dex: 11    Spells: 5/5 levels left

rFire   . . .        a - +1 falchion (vamp)
rCold   . . .        d - +0 buckler
rNeg    . . .        l - +0 scale mail
rPois   .            (helmet restricted)
rElec   .            (no cloak)
rCorr   .            (no gloves)
SInv    .            (no boots)
Will    .....        (no amulet) Stlth
                     (no ring)
HPRegen 0.29/turn    (no ring)
MPRegen 0.09/turn

%: no passive effects
@: no status effects
A: horns 2, retaliatory headbutt
a: no special abilities


You were on level 4 of the Dungeon.
You visited 1 branch of the dungeon, and saw 4 of its levels.

You collected 182 gold pieces.

Inventory:

Hand Weapons
 a - a +1 vampiric falchion (weapon)
 b - a +0 long sword
 c - a +1 dagger of flaming
Armour
 d - a +0 buckler (worn)
 l - a +0 scale mail (worn)
Jewellery
 n - an amulet of magic regeneration
Scrolls
 e - a scroll of fog
 g - a scroll of blinking {unknown}
 h - 2 scrolls of teleportation {unknown}
 i - a scroll of fear {unknown}
 o - 2 scrolls of torment {unknown}
 p - a scroll of enchant weapon {unknown}
 q - a scroll of enchant armour {unknown}
 r - 2 scrolls of magic mapping
Potions
 f - 3 potions of heal wounds
 j - a potion of might
 k - a potion of brilliance
 m - 2 potions of mutation
 s - a potion of berserk rage {unknown}


   Skills:
 + Level 4.8 Fighting
 + Level 5.5 Long Blades
 + Level 5.4 Armour
 + Level 2.0 Dodging
 + Level 1.2 Stealth
 + Level 4.7 Shields


You had 5 spell levels left.
You didn't know any spells.
Your spell library contained the following spells:

 Spells                   Type           Power      Damage    Failure   Level
 Freeze                   Ice            0%         1d3       86%         1
 Necrotise                Necr           0%         1d4       86%         1
 Frozen Ramparts          Ice            0%         1d1       99%         3
 Hailstorm                Conj/Ice       0%         3d3       99%         3
 Vampiric Draining        Necr           0%         2d6       99%         3
 Agony                    Necr           0%         N/A       100%        5


Dungeon Overview and Level Annotations

Branches:
Dungeon (4/15)
 Temple: D:4-7

Altars:
Vehumet


Innate Abilities, Weirdness & Mutations

You have a pair of horns on your head.
You reflexively headbutt those who attack you in melee.


Message History

You hit the steam dragon.
You feel better.
You kill the steam dragon!
The steam dragon scales are intact enough to wear.
You are engulfed in a cloud of scalding steam.
The endoplasm freezes you.
You are frozen.
Your Dodging skill increases to level 2!
You hit the endoplasm but do no damage. The endoplasm hits you.
You hit the endoplasm.
You feel better.
The endoplasm is moderately wounded.
The endoplasm barely misses you.
You hit the endoplasm.
You feel better.
You kill the endoplasm!
Things that are here:
+0 steam dragon scales; a +0 dagger; a steam dragon corpse
There is a large open door here.
You see here a +0 robe.
You now have 182 gold pieces (gained 12).
You see here a +0 robe.
There is a large open door here.
Things that are here:
+0 steam dragon scales; a +0 dagger; a steam dragon corpse You hear the slow rusting of a very distant drain.
You see here a +0 long sword.
An ogre comes into view. It is wielding a +0 giant club.
The ogre shouts!
You barely miss the ogre. The ogre barely misses you.
You slash the ogre!
The ogre is moderately wounded.
You hit the ogre. You headbutt the ogre.
The ogre is heavily wounded.
The ogre hits you with a +0 giant club!!
Ouch! That really hurt!
You barely miss the ogre. Your headbutt misses the ogre.
The ogre is heavily wounded.
You block the ogre's attack.
You hit the ogre. You headbutt the ogre.
The ogre is severely wounded.
The ogre hits you with a +0 giant club!!
You die...

...........#.......#
##....)##..#.......##
###....##..........#
##...#...).......## .
##.##............#..
####...............
#....†..........
####.<..........
#..)).@O.#..
#........##
##..##.### #######


You could see an ogre.

Vanquished Creatures
  A steam dragon (D:4)
  An ogre (D:4)
  Jessica (D:3)
  An iguana (D:4)
  2 orc wizards
  4 adders (D:2)
  A worm (D:3)
  2 dart slugs
  9 orcs
  7 bats
  7 endoplasms
  6 giant cockroaches
  7 goblins
  7 hobgoblins
  14 jackals
  7 kobolds
  4 quokkas
  A ball python (D:3)
  3 frilled lizards
  6 rats
91 creatures vanquished.

Notes
Turn   | Place    | Note
-------+----------+-------------------------------------------
     0 | D:1      | Peloso the Minotaur Fighter began the quest for the Orb.
     0 | D:1      | Reached XP level 1. HP: 19/19 MP: 0/0
    73 | D:1      | Reached XP level 2. HP: 27/27 MP: 1/1
   454 | D:1      | Reached XP level 3. HP: 33/33 MP: 2/2
   876 | D:2      | Reached XP level 4. HP: 22/41 MP: 3/3
  1675 | D:3      | Found a radiant altar of Vehumet.
  1870 | D:3      | Reached XP level 5. HP: 47/47 MP: 4/4
  1879 | D:3      | Noticed Jessica
  1884 | D:3      | Killed Jessica
  1885 | D:3      | Reached skill level 1 in Dodging
  2160 | D:3      | Found a faded altar of an unknown god.
  2364 | D:4      | Noticed an ogre
  2371 | D:4      | Killed an ogre
  2372 | D:4      | Reached skill level 5 in Long Blades
  2372 | D:4      | Reached skill level 5 in Armour
  2372 | D:4      | Reached skill level 1 in Stealth
  2372 | D:4      | Reached XP level 6. HP: 53/53 MP: 5/5
  2396 | D:4      | Noticed a steam dragon
  2407 | D:4      | Killed a steam dragon
  2472 | D:4      | Slain by an ogre

Illustrated notes

Levels and vault maps discovered:
D:1:      sevenhm_arrival_forest_fort_small_3, layout_basic
D:2:      layout_loops_ring
D:3:      layout_loops_ring, lemuel_doored_altar, basic_ecumenical_altar,
          kennysheep_jessica_study
D:4:      layout_cave_pools, serial_column_ruins, column_ruins_columns_corner,
          column_ruins_grid_1, column_ruins_corridor_dead_end,
          column_ruins_columns_corner, column_ruins_grid_1,
          gup_sewer_entry_spiral, kennysheep_generic_room_5

Skill      XL: |  1  2  3  4  5  6 |
---------------+-------------------+-----
Shields        | 4 |  4.7
Fighting       | 4 |  4.8
Armour         | 4 5 |  5.4
Long Blades    | 3 4 5 |  5.5
Dodging        | 1 2 |  2.0
Stealth        | 1 |  1.2

Action                     |  1- 3 |  4- 6 || total
---------------------------+-------+-------++-------
  Melee: Long sword        |    72 |    28 ||   100
         Headbutt          |     8 |    20 ||    28
         Falchion          |       |   109 ||   109
    Use: Scroll            |     2 |     3 ||     5
         Potion            |     1 |       ||     1
 Armour: Scale mail        |    46 |    59 ||   105
  Dodge: Dodged            |    30 |    58 ||    88
  Block: Buckler           |    15 |    25 ||    40
